[Event "Titled Tuesday Blitz July 11 Early 2023"]
[White "Matinian, Nikita"]
[Black "arenal72"]
[WhiteFideId "24129100"]
[WhiteElo "2705"]
[BlackElo "2426"]
[Result "1/2-1/2"]
[Round "3"]
[TimeControl "180+2"]
[Date "2023.07.11"]
[WhiteClock "0:00:08"]
[BlackClock "0:00:22"]
[Board "59"]

1. e4 Nc6 2. Nf3 d6 3. d4 Nf6 4. Nc3 g6 5. d5 Nb8 6. Bf4 Bg7 7. Qd2 e5 8. dxe6 fxe6 9. Bh6 O-O 10. Bxg7 Kxg7 11. O-O-O e5 12. Nxe5 Qe7 13. Nc4 Nxe4 14. Qd4+ Nf6 15. Nd5 Qf7 16. Nce3 Nc6 17. Qxf6+ Qxf6 18. Nxf6 Rxf6 19. Nd5 Rf7 20. f4 Be6 21. g3 Bxd5 22. Rxd5 Re8 23. Bg2 Rfe7 24. Rhd1 Re2 25. R5d2 Kf6 26. c3 h5 27. Rxe2 Rxe2 28. Rd2 Re1+ 29. Kc2 Nd8 30. b4 b6 31. a4 Ne6 32. Kb3 h4 33. Kc4 hxg3 34. hxg3 Re3 35. Rd3 Rxd3 36. Kxd3 Nd8 37. Kc4 c6 38. b5 d5+ 39. Kd3 Ke6 40. c4 dxc4+ 41. Kxc4 c5 42. g4 Kd6 43. Bd5 Ne6 44. f5 gxf5 45. gxf5 Nf4 46. Bb7 Ke5 47. Bc8 Nd5 48. a5 Ne3+ 49. Kd3 Nxf5 50. axb6 axb6 51. Bd7 Nd6 52. Bc6 Nf5 53. Kc4 Nd4 54. Be8 Ke4 55. Bg6+ Ke5 56. Be8 Kd6 57. Kd3 Kd5 58. Bf7+ Ne6 59. Kc3 Ke5 60. Kc4 Nf4 61. Be8 Nd5 62. Bd7 Nf6 63. Bc6 Ne4 64. Bd7 Nd6+ 65. Kc3 Kd5 66. Bc6+ Ke5 67. Bd7 Kf4 68. Bc6 Ke3 69. Bd7 Ke2 70. Bc6 Kd1 71. Bd7 Kc1 72. Bc6 Kb1 73. Kb3 Kc1 74. Kc3 Kd1 75. Bd7 Ke2 76. Bc6 Ke3 77. Bd7 Ke4 78. Bc6+ Ke5 79. Bd7 1/2-1/2


[Site "https://www.chess.com"]

[Event "Titled Tuesday Blitz July 11 Early 2023"]
[White "Rosh Jain"]
[Black "Liyanage, Ranindu Dilshan"]
[WhiteFideId "25789465"]
[BlackFideId "9915834"]
[WhiteElo "2384"]
[BlackElo "2659"]
[Result "0-1"]
[Round "3"]
[TimeControl "180+2"]
[Date "2023.07.11"]
[WhiteClock "0:00:20"]
[BlackClock "0:00:32"]
[Board "60"]

1. e4 g6 2. d4 Bg7 3. c3 d6 4. Bd3 Nf6 5. Nf3 O-O 6. O-O Nc6 7. Be3 e5 8. Nbd2 Ng4 9. Bg5 f6 10. Bh4 Qe8 11. h3 Nh6 12. Bc4+ Kh8 13. b4 f5 14. Bg5 Nf7 15. Bxf7 Qxf7 16. b5 Na5 17. dxe5 dxe5 18. exf5 gxf5 19. Be3 b6 20. Ng5 Qg6 21. f4 e4 22. h4 h6 23. h5 Qd6 24. Nh3 Be6 25. Qc2 Rad8 26. Nf2 Qe7 27. Rad1 Qf7 28. Rfe1 Qxh5 29. Nf1 Nc4 30. Bd4 Qg6 31. Ne3 Rg8 32. Nh3 Bxd4 33. cxd4 Qg3 34. Nxc4 Bxc4 35. Kh1 Bd5 36. Rg1 e3 37. Qe2 Qxh3# 0-1


[Site "https://www.chess.com"]

[Event "Titled Tuesday Blitz July 11 Early 2023"]
[White "Skliarov, Viktor"]
[Black "Slavin, Alexey"]
[WhiteFideId "14106736"]
[BlackFideId "24104388"]
[WhiteElo "2616"]
[BlackElo "2364"]
[Result "1-0"]
[Round "3"]
[TimeControl "180+2"]
[Date "2023.07.11"]
[WhiteClock "0:01:40"]
[BlackClock "0:01:12"]
[Board "61"]

1. e4 Nc6 2. Nc3 d6 3. d4 Nf6 4. f3 e5 5. Nge2 Be7 6. Be3 O-O 7. d5 Nb8 8. Qd2 c5 9. g4 a6 10. a4 b6 11. Ng3 Ne8 12. Nf5 Bxf5 13. gxf5 Nf6 14. Rg1 Kh8 15. Qg2 Rg8 16. Qh3 Nbd7 17. Be2 Nf8 18. Kd2 Qe8 19. Rg3 Ra7 20. Rag1 Bd8 21. Bg5 Ra8 22. Qh4 Ra7 23. Bxf6 Bxf6 24. Qxf6 1-0


[Site "https://www.chess.com"]

[Event "Titled Tuesday Blitz July 11 Early 2023"]
[White "Skuhala, Barbara"]
[Black "Parpiev, Isaak"]
[WhiteFideId "14605465"]
[BlackFideId "34281576"]
[WhiteElo "2344"]
[BlackElo "2582"]
[Result "0-1"]
[Round "3"]
[TimeControl "180+2"]
[Date "2023.07.11"]
[WhiteClock "0:00:00"]
[BlackClock "0:00:10"]
[Board "62"]

1. e4 c6 2. d4 d5 3. e5 Bf5 4. Nf3 e6 5. Be2 Ne7 6. O-O c5 7. c3 Nd7 8. Nbd2 h6 9. Re1 Bh7 10. Nf1 a6 11. Ng3 Nc6 12. Bd3 Bxd3 13. Qxd3 g6 14. a3 Bg7 15. Be3 b5 16. b4 cxd4 17. cxd4 Nb6 18. Nd2 Nc4 19. Nxc4 bxc4 20. Qc3 h5 21. Ne2 h4 22. h3 Qb6 23. Reb1 Bf8 24. Bd2 Rb8 25. Rb2 Be7 26. Rab1 O-O 27. Bh6 Rfc8 28. Bd2 Na7 29. a4 Qc6 30. Ra1 Rb7 31. Qf3 Rcb8 32. Qg4 Bxb4 33. Bxb4 Rxb4 34. Rxb4 Rxb4 35. Qxh4 Qd7 36. Qf6 Rb8 37. h4 Qd8 38. Qf4 Nc6 39. h5 g5 40. Qg4 Kh7 41. f4 gxf4 42. Qxf4 Qe7 43. Ra3 Rg8 44. Rf3 Nd8 45. Ng3 Qg5 46. Qxg5 Rxg5 47. Kf2 Kg7 48. Ke3 Rg4 0-1


[Site "https://www.chess.com"]

[Event "Titled Tuesday Blitz July 11 Early 2023"]
[White "Arencibia Monduy, Antonio"]
[Black "Peiris, T G M"]
[WhiteFideId "3507939"]
[BlackFideId "9901310"]
[WhiteElo "2570"]
[BlackElo "2231"]
[Result "1-0"]
[Round "3"]
[TimeControl "180+2"]
[Date "2023.07.11"]
[WhiteClock "0:00:47"]
[BlackClock "0:01:48"]
[Board "63"]

1. e4 c5 2. Nf3 d6 3. c3 e6 4. d4 cxd4 5. cxd4 d5 6. e5 Nc6 7. Bd3 Qb6 8. O-O Bd7 9. Nc3 Nxd4 10. Nxd4 Qxd4 11. Nb5 Qxe5 12. Re1 Qb8 13. Qf3 a6 14. Bf4 Qd8 15. Nc7+ Ke7 16. Nxd5+ Ke8 17. Nc7+ Ke7 18. Qxb7 Rc8 19. Qb4+ Kf6 20. Be5+ Kg5 21. Qf4+ Kh5 22. g4+ Kh4 23. Qg3+ Kg5 24. h4+ Kh6 25. Bf4+ g5 26. Bxg5+ Qxg5 27. hxg5+ Kxg5 28. Qe5+ 1-0


[Site "https://www.chess.com"]

[Event "Titled Tuesday Blitz July 11 Early 2023"]
[White "Atanasov, Radislav"]
[Black "Nihal Sarin"]
[WhiteFideId "2901471"]
[BlackFideId "25092340"]
[WhiteElo "2205"]
[BlackElo "3030"]
[Result "0-1"]
[Round "3"]
[TimeControl "180+2"]
[Date "2023.07.11"]
[WhiteClock "0:00:03"]
[BlackClock "0:00:23"]
[Board "64"]

1. e4 c5 2. c3 e5 3. Nf3 Nc6 4. d4 cxd4 5. cxd4 exd4 6. Nxd4 Nf6 7. Nc3 Bb4 8. Nxc6 dxc6 9. Bd3 Bg4 10. Qc2 O-O 11. O-O Be6 12. Bg5 h6 13. Bh4 Be7 14. Rad1 Nd7 15. Bxe7 Qxe7 16. f4 Rfd8 17. f5 Bc4 18. Kh1 Bxd3 19. Rxd3 Ne5 20. Rg3 f6 21. Ne2 Qb4 22. Nf4 Rd2 23. Qb3+ Qxb3 24. axb3 Kh7 25. Ne6 Rg8 26. h3 a5 27. Ra1 b6 28. b4 axb4 29. Ra7 Rd7 30. Ra6 b5 31. Rb3 h5 32. Rxb4 h4 33. Rb3 Rd1+ 34. Kh2 Rd2 35. Ra7 Kh6 36. Rc7 g6 37. Nf4 g5 38. Ne6 g4 39. Kg1 g3 40. Kf1 Rf2+ 41. Ke1 Rxg2 42. Re3 Ra8 43. Kf1 Rf2+ 0-1


[Site "https://www.chess.com"]

[Event "Titled Tuesday Blitz July 11 Early 2023"]
[White "Oparin, Grigoriy"]
[Black "Michalczak, Thomas"]
[WhiteFideId "24125890"]
[BlackFideId "4622634"]
[WhiteElo "2948"]
[BlackElo "2508"]
[Result "1-0"]
[Round "3"]
[TimeControl "180+2"]
[Date "2023.07.11"]
[WhiteClock "0:01:08"]
[BlackClock "0:00:16"]
[Board "65"]

1. Nc3 d5 2. e4 d4 3. Nce2 e5 4. Ng3 Be6 5. Nf3 f6 6. c3 d3 7. Nh4 c5 8. b3 Nc6 9. Rb1 Qd7 10. Nhf5 O-O-O 11. Ne3 g6 12. c4 Nb4 13. a3 Nc2+ 14. Nxc2 dxc2 15. Qxc2 h5 16. Ne2 Ne7 17. Nc3 Nc6 18. Nd5 Nd4 19. Qd1 Bxd5 20. cxd5 Bh6 21. Bb2 f5 22. d3 Rhf8 23. Be2 Kb8 24. O-O Rf7 25. b4 cxb4 26. Bxd4 exd4 27. Rxb4 fxe4 28. dxe4 Bg7 29. Qb3 Qd6 30. f4 Rdd7 31. e5 Qxd5 32. Qxd5 Rxd5 33. Bc4 Rfd7 34. Bxd5 Rxd5 35. Rd1 d3 36. Rb3 Rd4 37. Rbxd3 Rxf4 38. Rd8+ 1-0


[Site "https://www.chess.com"]

[Event "Titled Tuesday Blitz July 11 Early 2023"]
[White "Moskvin, Anatoly"]
[Black "Tahbaz, Arash"]
[WhiteFideId "24199990"]
[BlackFideId "12528846"]
[WhiteElo "2508"]
[BlackElo "2944"]
[Result "0-1"]
[Round "3"]
[TimeControl "180+2"]
[Date "2023.07.11"]
[WhiteClock "0:00:23"]
[BlackClock "0:00:07"]
[Board "66"]

1. e4 g6 2. d4 Bg7 3. h4 d5 4. e5 c5 5. h5 cxd4 6. f4 Nc6 7. Be2 Bf5 8. Nf3 Qb6 9. Na3 a6 10. b3 Nh6 11. Bb2 Qa5+ 12. Qd2 Qxd2+ 13. Kxd2 Be4 14. Rh2 Ng4 15. Rh3 Ne3 16. Rg1 Rc8 17. Bxd4 Nxc2 18. Nxc2 Bxc2 19. Bc5 Be4 20. Ng5 Bh6 21. Be3 Bxg5 22. fxg5 Nb4 23. a3 Rc2+ 24. Kd1 Nc6 25. Bf3 Rc3 26. Bxe4 dxe4 27. Bd2 Rxh3 28. gxh3 Kd7 29. Bf4 Ke6 30. Kd2 Rd8+ 31. Kc3 Rd3+ 32. Kc4 Rxh3 33. hxg6 hxg6 34. Re1 Kf5 35. e6 Kxf4 36. exf7 Ne5+ 37. Kd5 Nxf7 38. Rf1+ Kxg5 39. Rxf7 e3 40. Rxe7 Kf4 41. Kd4 g5 42. Rf7+ Kg4 43. Re7 Rh1 44. Rxe3 Rd1+ 45. Ke4 Rd7 46. Rc3 Re7+ 47. Kd3 Kf3 48. Rc5 g4 49. Rf5+ Kg3 50. Kd2 Kh2 51. a4 g3 52. b4 g2 53. Rh5+ Kg1 54. Rg5 Rh7 55. Ke2 Kh1 0-1


[Site "https://www.chess.com"]

[Event "Titled Tuesday Blitz July 11 Early 2023"]
[White "Ljukin, Sergei"]
[Black "Makarian, Rudik"]
[WhiteFideId "14102200"]
[BlackFideId "44105681"]
[WhiteElo "2508"]
[BlackElo "2937"]
[Result "0-1"]
[Round "3"]
[TimeControl "180+2"]
[Date "2023.07.11"]
[WhiteClock "0:00:00"]
[BlackClock "0:00:13"]
[Board "67"]

1. e4 c5 2. Nf3 Nc6 3. d4 cxd4 4. Nxd4 e6 5. Nc3 a6 6. Nxc6 bxc6 7. Bd3 d5 8. O-O Nf6 9. e5 Nd7 10. Re1 Be7 11. Qg4 g6 12. h3 Rb8 13. b3 O-O 14. Na4 c5 15. c4 d4 16. Be4 Nxe5 17. Qg3 Bd6 18. Nxc5 Nxc4 19. Bf4 Bxf4 20. Qxf4 Qd6 21. Qxd6 Nxd6 22. Rad1 e5 23. f4 exf4 24. Rxd4 Nb5 25. Rb4 Be6 26. Nxa6 Rb6 27. Nc7 Rfb8 28. Na8 Ra6 29. a4 Rbxa8 30. Bxa8 Nc3 31. Bb7 Ra7 32. Kh2 g5 33. Rc1 Na2 34. Rcc4 Bxc4 35. Rxc4 Rxb7 36. a5 Rxb3 37. h4 Ra3 0-1


[Site "https://www.chess.com"]

[Event "Titled Tuesday Blitz July 11 Early 2023"]
[White "Pranav, V"]
[Black "Lehtosaari, Mauri"]
[WhiteFideId "25060783"]
[BlackFideId "501999"]
[WhiteElo "2937"]
[BlackElo "2507"]
[Result "1-0"]
[Round "3"]
[TimeControl "180+2"]
[Date "2023.07.11"]
[WhiteClock "0:00:52"]
[BlackClock "0:00:00"]
[Board "68"]

1. e4 c5 2. Nf3 e6 3. d4 cxd4 4. Nxd4 Qb6 5. Nb3 Qc7 6. Nc3 a6 7. Bd3 Nf6 8. O-O b5 9. Re1 d6 10. a4 b4 11. Ne2 Be7 12. Ng3 Nbd7 13. a5 Nc5 14. Nxc5 dxc5 15. e5 Nd7 16. Qg4 g6 17. Bf4 Bb7 18. b3 h5 19. Qe2 h4 20. Ne4 Qc6 21. f3 h3 22. g3 Rh5 23. Nd2 g5 24. Be4 Qc8 25. Bxb7 Qxb7 26. Be3 Nxe5 27. f4 Ng4 28. Nc4 Nxe3 29. Nxe3 Rh8 30. f5 O-O-O 31. fxe6 fxe6 32. Nc4 Rh6 33. Rad1 Rxd1 34. Rxd1 Kb8 35. Nb6 Ka7 36. Rd7 1-0


[Site "https://www.chess.com"]

[Event "Titled Tuesday Blitz July 11 Early 2023"]
[White "Manukian, Artak"]
[Black "Vokhidov, Shamsiddin"]
[WhiteFideId "13301373"]
[BlackFideId "14204223"]
[WhiteElo "2504"]
[BlackElo "2924"]
[Result "0-1"]
[Round "3"]
[TimeControl "180+2"]
[Date "2023.07.11"]
[WhiteClock "0:02:42"]
[BlackClock "0:02:51"]
[Board "69"]

1. e4 e5 2. Nf3 Nc6 3. d4 exd4 4. Nxd4 Nf6 5. Nxc6 bxc6 6. e5 Qe7 7. Qe2 Nd5 8. c4 Ba6 9. b3 g6 10. g3 Bg7 11. Bb2 O-O 12. Bg2 Rae8 13. O-O Nb6 14. Re1 f6 15. e6 f5 16. Na3 Qxe6 17. Qxe6+ Rxe6 18. Rxe6 Bxb2 0-1


[Site "https://www.chess.com"]

[Event "Titled Tuesday Blitz July 11 Early 2023"]
[White "Antipov, Mikhail Al."]
[Black "Keleberda, Tymur"]
[WhiteFideId "4107012"]
[BlackFideId "14174294"]
[WhiteElo "2892"]
[BlackElo "2500"]
[Result "1-0"]
[Round "3"]
[TimeControl "180+2"]
[Date "2023.07.11"]
[WhiteClock "0:02:07"]
[BlackClock "0:00:08"]
[Board "70"]

1. e4 c5 2. Nf3 d6 3. d4 cxd4 4. Nxd4 Nf6 5. Nc3 a6 6. Rg1 e5 7. Nb3 Be7 8. g4 h6 9. h4 Nh7 10. g5 hxg5 11. hxg5 Bxg5 12. Bxg5 Nxg5 13. Be2 Nh3 14. Rh1 Qh4 15. Qxd6 Qxf2+ 16. Kd1 Rh6 17. Qc7 Nc6 18. Rf1 Bg4 19. Rxf2 Nxf2+ 20. Ke1 Rf6 21. Nd5 Rc8 22. Qxb7 Nxe4 23. Bxg4 Nd6 24. Nxf6+ gxf6 25. Qd7+ 1-0


[Site "https://www.chess.com"]

[Event "Titled Tuesday Blitz July 11 Early 2023"]
[White "Womacka, Mathias"]
[Black "Mitrabha, Guha"]
[WhiteFideId "4611390"]
[BlackFideId "5057000"]
[WhiteElo "2497"]
[BlackElo "2872"]
[Result "0-1"]
[Round "3"]
[TimeControl "180+2"]
[Date "2023.07.11"]
[WhiteClock "0:00:00"]
[BlackClock "0:00:48"]
[Board "71"]

1. e4 Nc6 2. Nf3 d6 3. d4 Bg4 4. Be3 e5 5. d5 Nce7 6. Be2 g6 7. c4 h5 8. Nc3 Bh6 9. Qd2 Bxe3 10. Qxe3 Kf8 11. c5 Kg7 12. O-O Nf6 13. Nd2 Bd7 14. Nc4 Nc8 15. a4 Qe7 16. b4 a5 17. cxd6 Nxd6 18. Nxa5 c6 19. dxc6 bxc6 20. Rfd1 Qe6 21. Qd3 Nc8 22. Nb7 Qe7 23. Nc5 Be6 24. a5 h4 25. h3 g5 26. Qe3 Kg6 27. N3a4 Rb8 28. Nb6 Nxb6 29. axb6 Bc8 30. Ra7 Qf8 31. Qc3 Rxb6 32. Qxe5 Qe8 33. Qd4 Be6 34. e5 Nd5 35. Bd3+ Kg7 36. Bc4 Rxb4 37. Nxe6+ Qxe6 38. Qc5 Rb2 39. Bxd5 cxd5 40. Qxd5 Qxd5 41. Rxd5 Rc8 42. e6 Rc1+ 43. Kh2 Rxf2 44. Rxg5+ Kh6 45. Rg4 Kh5 46. Ra5+ f5 47. e7 Re1 48. Rg7 Rff1 49. Rh7+ Kg5 50. Rg7+ Kf6 51. e8=N+ Rxe8 52. Rh7 Kg5 53. Ra4 Ree1 54. Raxh4 f4 55. Rg4+ Kf6 56. Rh6+ Ke5 57. Rh5+ Ke4 0-1


[Site "https://www.chess.com"]

[Event "Titled Tuesday Blitz July 11 Early 2023"]
[White "Kleiman, Jake"]
[Black "Donchenko, Alexander"]
[WhiteFideId "2020041"]
[BlackFideId "24603295"]
[WhiteElo "2494"]
[BlackElo "2860"]
[Result "0-1"]
[Round "3"]
[TimeControl "180+2"]
[Date "2023.07.11"]
[WhiteClock "0:00:00"]
[BlackClock "0:01:08"]
[Board "72"]

1. e4 c6 2. Nc3 d5 3. Nf3 g6 4. d4 Bg7 5. h3 dxe4 6. Nxe4 Nf6 7. Nxf6+ exf6 8. Bd3 O-O 9. O-O Nd7 10. c4 f5 11. Qc2 Nf6 12. Re1 Re8 13. Bf4 Bd7 14. Be5 Qa5 15. b3 c5 16. d5 b5 17. Bc3 Qb6 18. Ne5 a6 19. Re2 Qd6 20. Rae1 Ne4 21. Bxe4 Bxe5 22. Bd3 Bxc3 23. Qxc3 b4 24. Qb2 a5 25. Re3 f4 26. Re4 Rxe4 27. Bxe4 Re8 28. Re2 Qe5 29. Qc2 Kg7 30. Bf3 Qa1+ 31. Kh2 Bf5 32. Qd2 Rxe2 33. Qxe2 Kf6 34. h4 Qe5 35. Qd2 h6 36. Kg1 g5 37. hxg5+ hxg5 38. d6 Bd7 39. Bb7 g4 40. Kf1 Kg7 41. Ba8 g3 42. fxg3 fxg3 43. Bf3 f5 44. Bd1 f4 45. Bc2 Kf6 46. Qd3 Be8 47. d7 Qa1+ 48. Ke2 Bh5+ 49. Kd2 Qc3+ 50. Qxc3+ bxc3+ 51. Kxc3 Ke7 52. Be4 f3 53. Kd2 f2 0-1


[Site "https://www.chess.com"]

[Event "Titled Tuesday Blitz July 11 Early 2023"]
[White "Henriquez Villagra, Cristobal"]
[Black "Postlmayer, Jakob"]
[WhiteFideId "3409350"]
[BlackFideId "1643622"]
[WhiteElo "2854"]
[BlackElo "2492"]
[Result "1-0"]
[Round "3"]
[TimeControl "180+2"]
[Date "2023.07.11"]
[WhiteClock "0:00:09"]
[BlackClock "0:00:02"]
[Board "73"]

1. e4 c5 2. Nc3 d6 3. h3 g6 4. g4 Bg7 5. Bg2 Nc6 6. d3 e5 7. f4 Qh4+ 8. Kf1 Nd4 9. Nce2 Nxe2 10. Qxe2 Qe7 11. f5 h5 12. Nf3 hxg4 13. hxg4 Rxh1+ 14. Bxh1 Bd7 15. Qh2 O-O-O 16. c4 Nf6 17. Qg2 gxf5 18. gxf5 Rg8 19. Bg5 Qf8 20. Qd2 Rh8 21. Ke2 Ng4 22. Rg1 f6 23. Bh4 Bh6 24. Qe1 Rg8 25. Qg3 Be3 26. Rg2 Qh6 27. Qh3 Qh5 28. Rxg4 Rxg4 29. Kxe3 Qh6+ 30. Ke2 Rg8 31. Qf1 Be8 32. Bf2 Bh5 33. Bg2 Qf4 34. Qh1 Bg4 35. Qh7 Rd8 36. Qh1 a6 37. Be3 Qg3 38. Bf1 Bh3 39. Qxh3 Qg7 40. Qg2 Qe7 41. Qg6 Qc7 42. Nh2 Qe7 43. Ng4 Rf8 44. Bh6 Rf7 45. Bg2 Kc7 46. Bf3 b5 47. Ne3 bxc4 48. Nd5+ 1-0


[Site "https://www.chess.com"]

[Event "Titled Tuesday Blitz July 11 Early 2023"]
[White "Matyukov, Petr"]
[Black "Beerdsen, Thomas"]
[WhiteFideId "4103688"]
[BlackFideId "1030108"]
[WhiteElo "2491"]
[BlackElo "2827"]
[Result "0-1"]
[Round "3"]
[TimeControl "180+2"]
[Date "2023.07.11"]
[WhiteClock "0:00:14"]
[BlackClock "0:02:43"]
[Board "74"]

1. d4 Nf6 2. c4 a6 3. g3 b5 4. Bg2 c6 5. cxb5 axb5 6. Nc3 b4 7. Nb1 d5 8. Nf3 Bf5 9. Nbd2 e6 10. O-O h6 11. Re1 c5 12. dxc5 Bxc5 13. Nb3 Be7 14. Nfd4 Bg6 15. Bf4 O-O 16. h4 Nbd7 17. Nc6 Qe8 18. Nxe7+ Qxe7 19. Nd4 e5 20. Nc6 Qe6 21. Bxd5 Nxd5 22. Qxd5 exf4 23. Qxe6 fxe6 24. Ne7+ Kh7 25. Rad1 Ne5 26. Nxg6 Kxg6 27. Rd6 fxg3 28. Rxe6+ Kf5 29. Re7 gxf2+ 30. Kxf2 Rxa2 31. Rd1 Rxb2 32. Rd5 Ke4+ 0-1


[Site "https://www.chess.com"]

[Event "Titled Tuesday Blitz July 11 Early 2023"]
[White "Llorente Zaro, Alfonso"]
[Black "marik_spb"]
[WhiteFideId "2254131"]
[WhiteElo "2808"]
[BlackElo "2492"]
[Result "1/2-1/2"]
[Round "3"]
[TimeControl "180+2"]
[Date "2023.07.11"]
[WhiteClock "0:00:51"]
[BlackClock "0:00:10"]
[Board "75"]

1. e4 c6 2. Nc3 d5 3. Qf3 dxe4 4. Nxe4 Nf6 5. Nxf6+ exf6 6. Bc4 Bd6 7. Ne2 Nd7 8. d4 Qc7 9. Bf4 Nb6 10. Bb3 Be6 11. Bxd6 Qxd6 12. Qg3 O-O-O 13. Qxd6 Rxd6 14. O-O-O Re8 15. Rhe1 Bxb3 16. axb3 Rde6 17. Kd2 Nd5 18. c4 Nb4 19. Ra1 Nc2 20. Kxc2 Rxe2+ 21. Rxe2 Rxe2+ 22. Kc3 Rxf2 23. Rxa7 Kb8 24. Ra1 Rxg2 25. Re1 Rxh2 26. Re7 h5 27. Rxf7 Rg2 28. Kb4 h4 29. Kc5 Ka7 30. Rf8 h3 31. Rh8 h2 32. b4 Rxb2 33. d5 cxd5 34. cxd5 g5 35. b5 Rc2+ 36. Kb4 g4 37. d6 g3 38. d7 Rd2 39. Kc5 b6+ 40. Kc6 Rc2+ 41. Kd6 Rd2+ 42. Kc6 Rc2+ 43. Kd6 Rd2+ 44. Kc6 1/2-1/2


[Site "https://www.chess.com"]

[Event "Titled Tuesday Blitz July 11 Early 2023"]
[White "Camacho Collados, Marcos"]
[Black "Kantor, Gergely"]
[WhiteFideId "2266237"]
[BlackFideId "751499"]
[WhiteElo "2489"]
[BlackElo "2802"]
[Result "0-1"]
[Round "3"]
[TimeControl "180+2"]
[Date "2023.07.11"]
[WhiteClock "0:00:13"]
[BlackClock "0:01:20"]
[Board "76"]

1. Nf3 e6 2. g3 g5 3. d4 g4 4. Nfd2 Bg7 5. c3 h5 6. e4 d5 7. Bg2 Ne7 8. h4 b6 9. exd5 Bb7 10. c4 exd5 11. O-O Nbc6 12. cxd5 Nxd4 13. Nc3 Qd7 14. Nb3 Nxb3 15. Qxb3 O-O-O 16. Bg5 f6 17. Bf4 Ng6 18. Nb5 Nxf4 19. Nxa7+ Kb8 20. Nc6+ Bxc6 21. dxc6 Ne2+ 22. Kh1 Qd3 23. Qa4 Rd4 24. b4 Nc3 25. Qb3 Nd5 26. Qxd3 Rxd3 27. a4 f5 28. b5 Bxa1 29. Rxa1 Nc3 30. Ra3 Rhd8 31. a5 Nxb5 0-1


[Site "https://www.chess.com"]

[Event "Titled Tuesday Blitz July 11 Early 2023"]
[White "Namitbir Singh Walia"]
[Black "Zemlyanskii, Ivan"]
[WhiteFideId "35071068"]
[BlackFideId "24249971"]
[WhiteElo "2486"]
[BlackElo "2784"]
[Result "0-1"]
[Round "3"]
[TimeControl "180+2"]
[Date "2023.07.11"]
[WhiteClock "0:00:06"]
[BlackClock "0:00:17"]
[Board "77"]

1. e4 c5 2. Nf3 e6 3. d4 cxd4 4. Nxd4 Nf6 5. Nc3 Nc6 6. Be3 Bb4 7. f3 d5 8. Bb5 Bd7 9. Bxc6 Bxc6 10. e5 Nd7 11. Nxc6 bxc6 12. f4 O-O 13. O-O Nb6 14. a3 Nc4 15. Qc1 Ba5 16. Bc5 Bb6 17. Na4 Bxc5+ 18. Nxc5 Qb6 19. b4 f6 20. exf6 Rxf6 21. Kh1 Qc7 22. Qe1 Re8 23. f5 e5 24. Qg3 Qf7 25. Qh3 g6 26. g4 gxf5 27. g5 Rg6 28. Rxf5 Qe7 29. Raf1 Nd6 30. Rf6 e4 31. Rxg6+ hxg6 32. Rf6 Nf5 33. Rxg6+ Ng7 34. Ne6 Qxe6 35. Rxe6 Rxe6 36. Qe3 d4 37. Qxd4 e3 38. Qd8+ Kf7 39. g6+ Kxg6 40. Qd1 e2 41. Qe1 Nf5 42. Kg2 Nd4 43. Kf2 Rf6+ 44. Kg2 Rf1 45. Qg3+ Kf7 46. Qc7+ Ke6 47. Qc8+ Kd5 48. Qd8+ Kc4 49. Qg8+ Kc3 50. Qg3+ Kb2 51. Qe5 e1=Q 52. Qxd4+ Kb1 53. h4 Qe2+ 54. Kg3 Rf3+ 55. Kg4 Rd3+ 0-1


[Site "https://www.chess.com"]

[Event "Titled Tuesday Blitz July 11 Early 2023"]
[White "Kushko, Dmitriy"]
[Black "Shishkov, Andrei"]
[WhiteFideId "14162261"]
[BlackFideId "4500563"]
[WhiteElo "2774"]
[BlackElo "2486"]
[Result "1-0"]
[Round "3"]
[TimeControl "180+2"]
[Date "2023.07.11"]
[WhiteClock "0:00:45"]
[BlackClock "0:00:01"]
[Board "78"]

1. Nf3 Nf6 2. g3 b5 3. Na3 b4 4. Nc4 a5 5. a3 Bb7 6. Bg2 e6 7. O-O Be7 8. d3 O-O 9. axb4 axb4 10. Rxa8 Bxa8 11. Re1 d5 12. Nce5 c5 13. c4 d4 14. Qa4 Bb7 15. Bf4 h6 16. Ra1 Nfd7 17. Qa7 Bxf3 18. Bxf3 Nxe5 19. Bxe5 Bd6 20. Bxd6 Qxd6 21. Qb7 Rd8 22. Ra8 Kf8 23. h4 g5 24. hxg5 hxg5 25. Kf1 Kg7 26. Ke1 Kg6 27. Kd2 f5 28. Kc2 g4 29. Bg2 Qe5 30. Kd1 Rh8 31. Ra7 Qf6 32. Qc7 Rh2 33. Qxb8 Rxg2 34. Qg8+ 1-0


[Site "https://www.chess.com"]

[Event "Titled Tuesday Blitz July 11 Early 2023"]
[White "lagarto93"]
[Black "Goltsev, Dmitry"]
[BlackFideId "24176710"]
[WhiteElo "2486"]
[BlackElo "2766"]
[Result "0-1"]
[Round "3"]
[TimeControl "180+2"]
[Date "2023.07.11"]
[WhiteClock "0:00:07"]
[BlackClock "0:00:07"]
[Board "79"]

1. d4 Nf6 2. c4 e6 3. Nc3 Bb4 4. f3 b6 5. e4 Bb7 6. Bd3 Bxc3+ 7. bxc3 d6 8. Ne2 e5 9. O-O O-O 10. Ng3 a5 11. Nf5 Bc8 12. g4 Bxf5 13. gxf5 Nc6 14. d5 Ne7 15. Kh1 Nd7 16. Rg1 f6 17. Bh6 Rf7 18. Qe2 Kh8 19. Be3 Nc5 20. Bc2 Qd7 21. Rg3 Rg8 22. Rag1 g5 23. Rh3 Kg7 24. Rh5 Kf8 25. Qg2 Ke8 26. Qh3 Rh8 27. Qg4 h6 28. h4 Rfh7 29. Rg2 Kd8 30. Rh2 Ng8 31. hxg5 hxg5 32. Bxg5 Rxh5 33. Rxh5 Rxh5+ 34. Qxh5 fxg5 35. Qxg5+ Ne7 36. f6 Qe8 37. fxe7+ Qxe7 38. Qg8+ Kd7 39. Qg4+ Kd8 40. Qg8+ Qe8 41. Qxe8+ Kxe8 42. Kg2 Ke7 43. Kg3 Kf6 44. f4 exf4+ 45. Kxf4 Nd7 46. Bd1 Ne5 47. Be2 Ng6+ 48. Ke3 Kg5 49. Bf1 Ne5 50. Be2 Nd7 51. Bf1 Kg4 52. Be2+ Kg3 53. Bf1 Ne5 54. Be2 Kg2 55. a3 Kg1 56. a4 Kg2 57. Bd3 Kg3 58. Be2 Kg2 59. Bd3 Ng4+ 60. Kd4 Kf2 61. Bc2 Ne5 62. Bd1 Ke1 63. Bh5 Kd2 64. c5 bxc5# 0-1


[Site "https://www.chess.com"]

[Event "Titled Tuesday Blitz July 11 Early 2023"]
[White "Bettalli, Francesco"]
[Black "Schmakel, Sam"]
[WhiteFideId "2816453"]
[BlackFideId "2039311"]
[WhiteElo "2485"]
[BlackElo "2759"]
[Result "0-1"]
[Round "3"]
[TimeControl "180+2"]
[Date "2023.07.11"]
[WhiteClock "0:02:16"]
[BlackClock "0:01:16"]
[Board "80"]

1. d4 d5 2. Nc3 c6 3. Bf4 g6 4. h4 Nf6 5. e3 h5 6. f3 Bg7 7. Bd3 Nbd7 8. Qe2 O-O 9. Nh3 b5 10. a3 a5 11. Ng5 Bb7 12. Kf2 Re8 13. e4 e5 14. dxe5 Nxe5 15. Bxe5 Rxe5 16. f4 Ng4+ 17. Kg3 Re8 18. e5 Nxe5 19. f5 Qd6 20. Kh3 Nxd3 21. Qxd3 Qf4 22. g3 Re3 23. Ne2 Qg4+ 0-1


[Site "https://www.chess.com"]

[Event "Titled Tuesday Blitz July 11 Early 2023"]
[White "Belov, Alexei"]
[Black "Hilary46"]
[WhiteFideId "4128206"]
[WhiteElo "2483"]
[BlackElo "2755"]
[Result "1/2-1/2"]
[Round "3"]
[TimeControl "180+2"]
[Date "2023.07.11"]
[WhiteClock "0:00:32"]
[BlackClock "0:00:31"]
[Board "81"]

1. e4 e5 2. Nf3 Nc6 3. Bb5 a6 4. Ba4 Nf6 5. d4 exd4 6. O-O Be7 7. e5 Ne4 8. Nxd4 Nxd4 9. Qxd4 Nc5 10. Nc3 O-O 11. Nd5 Nxa4 12. Qxa4 d6 13. Nxe7+ Qxe7 14. exd6 Qxd6 15. Bf4 Qb6 16. Qb3 Be6 17. Qxb6 cxb6 18. c3 b5 19. Rfd1 Rfd8 20. Rxd8+ Rxd8 21. Kf1 Bc4+ 22. Ke1 Re8+ 23. Be3 Bd5 24. g3 Bf3 25. a4 bxa4 26. Rxa4 f6 27. h4 Kf7 28. Kd2 Ke6 29. Rd4 h6 30. Rf4 Bc6 31. Bb6 g5 32. Rd4 Kf5 33. g4+ Ke6 34. h5 f5 35. gxf5+ Kxf5 36. Rd6 Rh8 37. Rg6 Kg4 38. Bd4 Rh7 39. Rg7 Rxg7 40. Bxg7 Kxh5 41. Ke3 Kg6 42. Be5 Kf5 43. Bc7 h5 44. f3 b5 45. b4 Bd5 46. Bb8 Bb3 47. Bc7 Bd1 48. Bd8 h4 49. Bc7 Ke6 50. Bd8 h3 51. Kf2 g4 52. fxg4 Bxg4 53. Kg3 Kd5 54. Kh2 Kc4 55. Bf6 1/2-1/2


[Site "https://www.chess.com"]